Map: Port Aleksander LE

Players

Piroxiljin

  • Race: Terran Terran
  • Spawn Location: 11:00

A.I. 1 (Harder) - Winner!

  • Race: Zerg Zerg
  • Spawn Location: 5:00

VOD

Have the link to the VOD?

Description

Time

  • Played on: Feb. 1, 2019, 11:30 p.m.
  • Length: 13:17
Show
View Real Time Build Order
Export as new Build Order

Piroxiljin Terran 

Build Orders:  

Get SALT Encoding   

  12  0:01  SCV  
  14  0:14  SCV  
  14  0:31  SCV  
  14  0:33  Supply Depot  
  15  0:40  Refinery  
  15  0:54  SCV  
  16  0:58  Barracks  
  16  1:06  SCV  
  17  1:16  Refinery  
  17  1:18  SCV  
  18  1:31  SCV  
  19  1:33  Supply Depot  
  19  1:53  Barracks Reactor  
  19  1:58  Barracks  
  19  2:01  Orbital Command  
  19  2:32  SCV  
  20  2:42  Supply Depot x2  
  20  2:44  SCV, Supply Depot  
  20  2:46  Marine x2  
  20  2:48  Barracks Tech Lab  
  23  2:56  SCV  
  24  3:08  SCV  
  25  3:20  SCV  
  25  3:26  Marine  
  25  3:27  Marine  
  27  3:30  Concussive Shells, Marauder  
  27  3:33  SCV  
  31  3:42  Barracks  
  31  3:44  Marine x2  
  31  3:45  SCV  
  33  4:00  Marine  
  33  4:02  Marine  
  35  4:04  SCV  
  36  4:16  SCV, Engineering Bay  
  37  4:18  Marauder  
  39  4:28  SCV  
  40  4:33  Marine  
  40  4:34  Marine  
  42  4:40  SCV, Marauder  
  42  4:42  Barracks Tech Lab  
  45  4:50  Terran Infantry Weapons Level 1  
  45  4:52  SCV  
  46  5:01  Marine  
  46  5:04  SCV  
  48  5:17  SCV  
  48  5:19  Marauder  
  51  5:27  Marauder  
  51  5:28  Marine x2  
  55  5:34  Bunker  
  55  5:37  Command Center  
  55  5:43  Supply Depot  
  55  5:55  Marauder x2  
  59  6:10  Missile Turret  
  59  6:12  Marine x2  
  59  6:17  Marauder x2, Combat Shield  
  65  6:21  SCV  
  66  6:33  SCV  
  66  6:35  Supply Depot x2  
  66  6:38  Marauder  
  69  6:43  Marine x2  
  69  6:44  Missile Turret  
  71  6:55  Missile Turret  
  71  7:09  Missile Turret  
  71  7:32  Factory  
  71  7:33  Marine x3  
  71  7:34  Marauder  
  76  7:52  Marauder  
  76  7:56  Marauder  
  60  8:13  Marauder  
  60  8:17  Marauder  
  60  8:19  Unknown  
  63  8:23  Factory Tech Lab  
  63  8:29  Factory  
  63  8:55  Widow Mine  
  66  9:04  Orbital Command  
  65  9:16  Widow Mine  
  67  9:23  Refinery  
  67  9:24  Refinery  
  67  9:27  SCV  
  67  9:29  Marine x3  
  67  9:30  Marauder  
  73  9:37  Cyclone  
  76  9:39  SCV  
  77  9:48  Armory  
  77  9:51  SCV  
  71  10:03  Hellion  
  67  10:09  Cyclone  
  65  10:24  Hellion  
  53  10:29  Marine x2  
  47  10:36  Unknown  
  47  10:41  Siege Tank  
Show
View Real Time Build Order
Export as new Build Order

A.I. 1 (Harder) Zerg - Winner!

Build Orders: Hatch First 

Get SALT Encoding   

  12  0:01  Drone  
  13  0:13  Overlord  
  13  0:18  Drone  
  14  0:31  Drone x2  
  14  0:35  Drone  
  17  0:54  Hatchery  
  16  0:57  Drone  
  17  1:13  Spawning Pool  
  17  1:14  Drone  
  17  1:17  Drone  
  18  1:21  Extractor  
  18  1:23  Drone  
  18  1:30  Overlord  
  18  1:39  Drone  
  19  2:00  Zergling x4  
  21  2:01  Queen  
  21  2:03  Roach Warren  
  21  2:06  Drone  
  21  2:07  Extractor  
  22  2:13  Drone  
  23  2:23  Baneling Nest  
  23  2:26  Drone  
  23  2:31  Zergling x2  
  23  2:35  Zergling x2  
  25  2:40  Drone  
  26  2:45  Roach  
  28  2:55  Roach  
  28  2:57  Overlord  
  30  3:05  Roach  
  32  3:15  Roach  
  34  3:23  Drone  
  34  3:25  Baneling x2, Lair  
  35  3:44  Extractor  
  35  3:46  Extractor  
  35  3:47  Drone  
  33  3:50  Drone  
  34  3:57  Overlord  
  34  4:01  Drone  
  35  4:05  Drone  
  35  4:09  Drone  
  37  4:13  Drone  
  37  4:17  Drone  
  39  4:20  Drone  
  39  4:23  Drone  
  41  4:25  Hydralisk Den  
  41  4:27  Drone  
  41  4:31  Drone  
  42  4:37  Overlord  
  42  4:41  Drone  
  43  4:46  Roach  
  45  4:55  Hydralisk  
  47  5:06  Overlord, Roach  
  49  5:16  Roach  
  51  5:24  Drone x2  
  51  5:26  Roach  
  55  5:29  Overlord  
  55  5:33  Drone  
  56  5:35  Hydralisk  
  56  5:36  Drone  
  56  5:38  Drone  
  56  5:42  Drone  
  61  5:45  Drone  
  61  5:46  Hydralisk  
  61  5:47  Drone  
  61  5:49  Drone  
  66  5:54  Overlord  
  66  5:56  Hydralisk  
  68  5:58  Drone  
  69  6:06  Evolution Chamber  
  69  6:07  Drone  
  69  6:09  Drone  
  70  6:17  Drone  
  71  6:19  Drone x3  
  71  6:21  Drone  
  75  6:27  Overlord  
  75  6:32  Drone, Zerg Melee Weapons Level 1  
  76  6:38  Drone  
  77  6:41  Burrow  
  77  6:42  Drone  
  78  6:49  Drone  
  78  6:50  Roach  
  78  6:51  Overlord  
  78  6:52  Drone  
  82  6:54  Drone  
  82  7:00  Roach  
  85  7:10  Overlord  
  85  7:11  Roach  
  87  7:21  Roach  
  89  7:30  Overlord  
  89  7:31  Roach  
  89  7:34  Spore Crawler  
  89  7:36  Drone, Overseer, Spore Crawler  
  90  7:39  Overseer  
  90  7:40  Hydralisk, Spore Crawler  
  90  7:42  Drone, Spore Crawler  
  90  7:43  Drone  
  92  7:47  Queen  
  92  7:50  Hydralisk  
  92  7:51  Overlord  
  96  7:54  Roach x3  
  96  7:55  Queen  
  94  8:00  Hydralisk  
  92  8:07  Spine Crawler  
  92  8:09  Drone  
  92  8:10  Hydralisk  
  75  8:21  Roach  
  75  8:26  Zerg Ground Armor Level 1  
  77  8:31  Roach  
  77  8:33  Spine Crawler  
  77  8:34  Drone  
  79  8:38  Spine Crawler  
  79  8:40  Spine Crawler, Drone  
  79  8:41  Roach  
  80  8:42  Drone  
  80  8:47  Infestation Pit  
  80  8:50  Zergling x2  
  80  8:53  Spire  
  80  8:57  Evolution Chamber  
  80  9:01  Roach  
  81  9:08  Pneumatized Carapace, Roach  
  83  9:14  Roach  
  85  9:17  Overlord  
  85  9:19  Hatchery  
  85  9:21  Roach  
  85  9:23  Zerg Missile Weapons Level 1  
  86  9:27  Roach  
  88  9:32  Roach  
  88  9:33  Roach  
  90  9:40  Roach  
  92  9:46  Roach  
  92  9:50  Overlord  
  92  9:51  Overseer  
  92  9:52  Hydralisk, Hive  
  96  10:03  Roach  
  96  10:05  Mutalisk  
  89  10:12  Corruptor  
  87  10:16  Overseer  
  87  10:18  Corruptor  
  87  10:19  Overlord  
  85  10:25  Mutalisk  
  81  10:32  Drone x3, Mutalisk  
  81  10:33  Drone  
  81  10:34  Drone  
  81  10:35  Drone  
  83  10:39  Corruptor  
  76  10:43  Drone  
  76  10:45  Mutalisk  
  76  10:47  Overseer  
  76  10:48  Drone  
  73  10:52  Mutalisk  
  73  10:53  Drone x2  
  73  10:56  Drone  
  67  10:58  Mutalisk  
  67  11:03  Drone  
  63  11:04  Drone x3  
  63  11:05  Viper, Mutalisk  
  63  11:06  Viper  
  63  11:08  Drone x2  
  69  11:11  Mutalisk  
  69  11:12  Drone x2  
  69  11:14  Drone  
  69  11:18  Mutalisk  
  64  11:20  Drone  
  64  11:24  Mutalisk  
  37  12:06  Roach  
  33  12:21  Drone, Queen  
  32  12:33  Drone  
  32  12:48  Drone x5  
  32  12:49  Drone x2  
  32  12:55  Drone x3  
  32  12:57  Drone x4  
  30  13:14  Hatchery  
Tags
 
Add a new tag
Caveats
  • Supply blocks, unpowered buildings, or Contaminate may cause inaccurate times.
  • Supply counts are checked every 10 seconds.